 Dungeon Crawl Stone Soup version 0.31-a0-889-g1a8549509d (webtiles) character file.

Game seed: 12921407093045494902

106 Maratek the Shooter (level 4, 0/30 HPs)
             Began as an Octopode Hunter on Oct 16, 2023.
             Slain by a ball python (1 damage)
             ... on level 3 of the Dungeon.
             The game lasted 00:02:01 (2310 turns).

Maratek the Shooter (Octopode Hunter)               Turns: 2310, Time: 00:02:02

Health: 0/30       AC:  1    Str: 10    XL:     4   Next: 84%
Magic:  4/4        EV: 11    Int: 11    God:
Gold:   116        SH:  0    Dex: 17    Spells: 3/3 levels left

rFire   . . .        a - +0 shortbow
rCold   . . .        (shield currently unavailable)
rNeg    . . .        (helmet restricted)
rPois   .            (no amulet)
rElec   .            (no ring)
rCorr   .            (no ring)
SInv    .            (no ring)
Will    .....        (no ring)
Stlth   +++          (no ring)
HPRegen 0.25/turn    (no ring)
MPRegen 0.09/turn    (no ring)
                     (no ring)

%: no passive effects
@: constricted
A: almost no armour, amphibious, 8 rings, camouflage 1, gelatinous body 1,
(nimble swimmer 1), tentacles
a: no special abilities


You were on level 3 of the Dungeon.
You visited 1 branch of the dungeon, and saw 3 of its levels.

You collected 116 gold pieces.

Inventory:

Hand Weapons
 a - a +0 shortbow (weapon)
Scrolls
 b - a scroll of butterflies
 e - 2 scrolls of teleportation {unknown}
 f - 3 scrolls of immolation {unknown}
 h - 3 scrolls of identify {unknown}
Potions
 c - a potion of might {unknown}
 d - a potion of heal wounds {unknown}
 g - a potion of magic {unknown}
 i - a potion of invisibility {unknown}
 j - a potion of berserk rage {unknown}
 k - a potion of degeneration {unknown}


   Skills:
 + Level 2.5 Fighting
 + Level 5.5 Ranged Weapons
 + Level 2.4 Dodging
 + Level 1.5 Stealth


You had 3 spell levels left.
You didn't know any spells.
Your spell library was empty.

Dungeon Overview and Level Annotations

Branches:
Dungeon (3/15)

Altars:

Annotations:
D:2 1 runed translucent door, Crazy Yiuf
D:3 Ijyb


Innate Abilities, Weirdness & Mutations

You cannot wear most types of armour.
You are amphibious.
You can wear up to eight rings at the same time.
Your skin changes colour to match your surroundings (Stealth+).
Your rubbery body absorbs attacks. (AC +1, EV +1)
((You are camouflaged when in or above water. (Stealth+)))
You have tentacles for arms and can constrict up to eight enemies at once.


Message History

The ball python barely misses you. The ball python grabs you.
The ball python constricts you.
Ijyb zaps a wand.
The puff of flame hits you! The ball python barely misses you.
The ball python constricts you.
You are too injured to fight recklessly!
You are too injured to fight recklessly!
You are too injured to fight recklessly!
Fire: a) +0 shortbow
Press: ? - help, Q - select action Shift-Dir - straight line, f/p - Ijyb
Aim: Ijyb, wielding a +0 dagger, wearing a +2 ring mail of fire resistance and carrying a wand of flame (moderately wounded, 60% to hit)
You shoot an arrow. The arrow hits Ijyb!
Ijyb is severely wounded.
The ball python bites you but does no damage.
The ball python constricts you. Ijyb closely misses you.
Fire: a) +0 shortbow
Press: ? - help, Q - select action Shift-Dir - straight line, f/p - Ijyb
Aim: Ijyb, wielding a +0 dagger, wearing a +2 ring mail of fire resistance and carrying a wand of flame (severely wounded, 60% to hit)
You shoot an arrow. The arrow barely misses Ijyb.
The ball python bites you.
* * * LOW HITPOINT WARNING * * *
The ball python constricts you. Ijyb closely misses you.
Fire: a) +0 shortbow
Press: ? - help, Q - select action Shift-Dir - straight line, f/p - Ijyb
Aim: Ijyb, wielding a +0 dagger, wearing a +2 ring mail of fire resistance and carrying a wand of flame (severely wounded, 60% to hit)
You shoot an arrow. The arrow hits Ijyb but does no damage.
Ijyb is severely wounded.
The ball python bites you.
* * * LOW HITPOINT WARNING * * *
The ball python constricts you.
* * * LOW HITPOINT WARNING * * *
Ijyb hits you with a +0 dagger.
* * * LOW HITPOINT WARNING * * *
The ball python barely misses you. The ball python constricts you.
Fire: a) +0 shortbow
Press: ? - help, Q - select action Shift-Dir - straight line, f/p - Ijyb
Aim: Ijyb, wielding a +0 dagger, wearing a +2 ring mail of fire resistance and carrying a wand of flame (severely wounded, 60% to hit)
You shoot an arrow. The arrow barely misses Ijyb.
Ijyb hits you with a +0 dagger.
* * * LOW HITPOINT WARNING * * *
The ball python bites you.
You die...

#.# #.######
#......##############
.......+.............
.##....#####.###..###.#
.|##...##.............
...#...##.##...#>.#####
...#...##.##......#...#
<..#......###...@g.$#
...######## ##.#.S..#
...# ...#..#.# ..##
######.# # .## .. .#
.## .# .. .# ##


You could see Ijyb and a ball python.

Vanquished Creatures
  Jessica (D:2)
  2 adders (D:2)
  2 dart slugs (D:1)
  7 bats
  An endoplasm (D:3)
  A giant cockroach (D:1)
  4 hobgoblins
  7 jackals (D:2)
  3 kobolds (D:1)
  2 quokkas
  8 ball pythons
  5 frilled lizards
  4 goblins
  9 rats
56 creatures vanquished.

Notes
Turn   | Place    | Note
-------+----------+-------------------------------------------
     0 | D:1      | Maratek the Octopode Hunter began the quest for the Orb.
     0 | D:1      | Reached XP level 1. HP: 14/14 MP: 1/1
   118 | D:1      | Reached XP level 2. HP: 19/19 MP: 2/2
   125 | D:1      | You fall into a shaft and drop 1 floor!
   498 | D:1      | Reached XP level 3. HP: 21/24 MP: 3/3
  1213 | D:2      | Found a runed translucent door.
  1214 | D:2      | Noticed Crazy Yiuf
  1340 | D:2      | Found a faded altar of an unknown god.
  1396 | D:2      | Reached skill level 5 in Ranged Weapons
  1414 | D:2      | Noticed Jessica
  1418 | D:2      | Killed Jessica
  1419 | D:2      | Reached XP level 4. HP: 30/30 MP: 4/4
  2299 | D:3      | Noticed Ijyb
  2310 | D:3      | HP: 1/30 [Ijyb/+0 dagger (3)]
  2310 | D:3      | Slain by a ball python

Illustrated notes

Levels and vault maps discovered:
D:1:      dpeg_arrival_three_smaller_balls, layout_loops_cross, minivault_5,
          kennysheep_small_spiral
D:2:      layout_loops_corners, dilly_ecumenical_altar_fadedgnrine,
          uniq_crazy_yiuf_cottage, uniq_jessica
D:3:      layout_basic, serial_shops, shop, grunt_ministairs_10, uniq_ijyb

Skill      XL: |  1  2  3 |
---------------+----------+-----
Ranged Weapons | 5 |  5.5
Fighting       | |  2.5
Dodging        | |  2.4
Stealth        | |  1.5

Action                     |  1- 3 |  4- 6 || total
---------------------------+-------+-------++-------
   Fire: Shortbow          |    73 |    72 ||   145
 Armour: Skin              |     7 |    24 ||    31
  Dodge: Dodged            |     9 |    42 ||    51

Table legend: (Time is in decaauts)
 A = Elapsed time spent in this place.
 B = Non-inter-level travel time spent in this place.
 C = Inter-level travel time spent in this place.
 D = Time resting spent in this place.
 E = Time spent auto-exploring this place.
 F = Levels seen in this place.
 G = Mean time per level.
                   A        B        C        D        E       F      G
               +--------+--------+--------+--------+--------+-----+--------+
         Total |   2331 |   2067 |    264 |      0 |   1806 |   3 |  777.0 |
       Dungeon |   2331 |   2067 |    264 |      0 |   1806 |   3 |  777.0 |
               +--------+--------+--------+--------+--------+-----+--------+

Top non-repeatable levels by time:
     D:2: 1250 daAuts
     D:1: 1035 daAuts
     D:3: 44 daAuts
